 Dungeon Crawl Stone Soup version 0.27.1-3-gb3d3a73c9e (webtiles) character file.

Game seed: 6652328721963282517

511 omarspendo the Chopper (level 7, -6/55 HPs)
             Began as a Human Berserker on Oct 21, 2021.
             Was a Believer of Trog.
             Mangled by Duvessa (11 damage)
             ... on level 5 of the Dungeon.
             The game lasted 00:24:03 (6673 turns).

omarspendo the Chopper (Human Berserker)            Turns: 6673, Time: 00:24:03

Health: -6/55      AC: 12    Str: 18    XL:     7   Next: 43%
Magic:  7/7        EV:  6    Int:  7    God:    Trog [**....]
Gold:   156        SH:  0    Dex: 14    Spells: 6/6 levels left

rFire    + . .     SeeInvis .   z - +2 long sword (vamp)
rCold    x . .     Faith    .   (no shield)
rNeg     . . .     Spirit   .   A - +0 plate armour
rPois    +         Reflect  .   (no helmet)
rElec    .         Harm     .   (no cloak)
rCorr    .         Rampage  .   (no gloves)
Will     .....                  (no boots)
Stlth    ..........             (no amulet)
HPRegen  0.18/turn              f - ring of fire
MPRegen  0.10/turn              r - ring of poison resistance

@: mighty
A: no striking features
a: Renounce Religion, Berserk, Trog's Hand


You were on level 5 of the Dungeon.
You worshipped Trog.
Trog was pleased with you.
You visited 1 branch of the dungeon, and saw 6 of its levels.

You collected 156 gold pieces.

Inventory:

Hand Weapons
 d - a +1 hand axe of electrocution
 h - a +1 battleaxe
 n - a +2 whip of holy wrath
 s - a +4 dagger
 z - a +2 vampiric long sword (weapon)
Missiles
 c - 146 stones (quivered)
 e - 73 bolts
 m - 4 curare-tipped darts
 v - 12 poisoned darts
Armour
 A - a +0 plate armour (worn)
Jewellery
 f - a ring of fire (left hand)
 r - a ring of poison resistance (right hand)
Scrolls
 j - a scroll of magic mapping {unknown}
 l - 2 scrolls of identify
 o - 5 scrolls of fog
 q - a scroll of teleportation {unknown}
 t - a scroll of enchant weapon
 x - a scroll of holy word {unknown}
 y - a scroll of fear {unknown}
Potions
 a - 2 potions of haste
 g - a potion of heal wounds {unknown}
 i - a potion of might
 k - a potion of flight {unknown}
 p - 2 potions of degeneration {unknown}
 u - 2 potions of cancellation {unknown}
 w - a potion of brilliance {unknown}


   Skills:
 + Level 4.3 Fighting
 + Level 0.9 Long Blades
 + Level 5.1 Axes
 + Level 0.3(3.1) Maces & Flails
 + Level 4.5 Armour
 + Level 2.9 Dodging
 + Level 1.0 Stealth


You had 6 spell levels left.
You didn't know any spells.
Your spell library contained the following spells:

 Spells                   Type           Power      Damage    Failure   Level
 Gell's Gravitas          Tloc           0%         N/A       100%        3
 Teleport Other           Tloc           0%         N/A       100%        3
 Cause Fear               Hex            0%         N/A       100%        4
 Dispersal                Tloc           0%         N/A       100%        6
 Dragon Form              Tmut           0%         N/A       100%        7
 Dragon's Call            Summ           0%         N/A       100%        9


Dungeon Overview and Level Annotations

Branches:
Dungeon (6/15)
 Temple: D:4-7

Altars:
Fedhas

Shops:
D:3 [

Annotations:
D:5 Dowan, Duvessa
D:6 Pikel


Message History

Dowan blinks!
There is an open door here.
Duvessa hits you but does no damage.
You hit Duvessa but do no damage. Duvessa hits you but does no damage.
You hit Duvessa but do no damage.
Duvessa hits you with a +4 short sword of protection. x2
You feel very mighty all of a sudden.
Duvessa hits you with a +4 short sword of protection.
You hit Duvessa but do no damage. Duvessa hits you but does no damage.
You barely miss Duvessa. Duvessa hits you but does no damage.
You slash Duvessa!
Duvessa is moderately wounded.
Duvessa hits you with a +4 short sword of protection.
Duvessa hits you with a +4 short sword of protection!
You slash Duvessa!
You feel better.
Duvessa is severely wounded.
Duvessa hits you with a +4 short sword of protection.
You hit Duvessa but do no damage.
Duvessa is severely wounded.
Duvessa says, "Did you see that move?
Perfect!"
Duvessa hits you with a +4 short sword of protection.
You hit Duvessa.
Duvessa is almost dead.
Duvessa hits you with a +4 short sword of protection! x2
* * * LOW HITPOINT WARNING * * *
Duvessa says, "Beauty is only skin deep, and my weapons penetrate much further than that."
There is a stone staircase leading down here.
Duvessa hits you but does no damage.
You climb downwards.
Pikel shouts!
The lemure shouts! x4; You hear a shout! x5
There is a stone staircase leading up here.
The lemure barely misses you. The lemure hits you.
* * * LOW HITPOINT WARNING * * *
You climb upwards.
Level annotation: Dowan, Duvessa Duvessa hits you with a +4 short sword of protection!
* * * LOW HITPOINT WARNING * * *
There is a stone staircase leading down here.
Duvessa hits you with a +4 short sword of protection!
You die...

.#......####....####.........####
...................'.........'...
..#.##..####.....###...[.....####
.##.##..# #.#5#.###........##
........# #.........#.....##
.##.###.# #####5######...## .##.#
#.# #5# ##'## .##.# #.# #e# #.#
..... ..# #@# #.# ###.# ###
#.....# #.# #.# #####.##...# #.#
#...... #.# .......## ..#.#.#.#
..........# ##.##.#.#.# . .[#.#.#


You could see Duvessa and 2 lemures.

Vanquished Creatures
  Grinder (D:5)
  A howler monkey (D:4)
  3 hounds
  An iguana (D:4)
  A howler monkey skeleton (D:5)
  4 adders
  A white imp (D:4)
  An ufetubus (D:4)
  A worm (D:5)
  5 dart slugs
  6 orcs
  6 endoplasms
  6 giant cockroaches
  4 goblins
  12 hobgoblins
  5 jackals
  A quokka (D:2)
  10 ball pythons
  2 bats (D:2)
  2 frilled lizards
  5 kobolds
  5 rats
83 creatures vanquished.

Notes
Turn   | Place    | Note
-------+----------+-------------------------------------------
     0 | D:1      | omarspendo the Human Berserker began the quest for the Orb.
     0 | D:1      | Reached XP level 1. HP: 18/18 MP: 1/1
   337 | D:1      | Found a faded altar of an unknown god.
   432 | D:1      | Reached XP level 2. HP: 19/24 MP: 2/2
  1034 | D:1      | Reached XP level 3. HP: 27/29 MP: 3/3
  1060 | D:1      | Reached ** piety under Trog
  2296 | D:2      | Reached XP level 4. HP: 37/37 MP: 4/4
  4275 | D:3      | Reached XP level 5. HP: 36/42 MP: 5/5
  4331 | D:3      | Reached skill level 4 in Axes
  4621 | D:3      | Found Ebbeg's Armour Shop.
  4953 | D:4      | Reached skill level 1 in Stealth
  5032 | D:4      | Reached XP level 6. HP: 42/48 MP: 6/6
  5269 | D:4      | Found a blossoming altar of Fedhas.
  5787 | D:5      | Entered Level 5 of the Dungeon
  6125 | D:5      | Noticed Grinder
  6147 | D:5      | Killed Grinder
  6148 | D:5      | Reached skill level 5 in Axes
  6148 | D:5      | Reached XP level 7. HP: 28/55 MP: 7/7
  6607 | D:5      | Noticed Duvessa
  6607 | D:5      | Noticed Dowan
  6665 | D:6      | Noticed Pikel
  6673 | D:5      | Mangled by Duvessa

Illustrated notes

Levels and vault maps discovered:
D:1:      zaba_arrival_water, layout_rooms, ebering_ecumenical_altar_abandoned
D:2:      layout_rooms, grunt_decor_fettered, kennysheep_potato
D:3:      minmay_door_path, layout_basic, serial_shops, nicolae_shop_trees
D:4:      layout_rooms, marbit_many_paths
D:5:      layout_loops_corners, minmay_temple_entry_ruins, columned_hall_lemuel,
          uniq_grinder, uniq_duvessa
D:6:      layout_basic, gammafunk_ghost_hive, serial_shops,
          kennysheep_little_box, uniq_sigmund, uniq_maggie, uniq_pikel

Skill      XL: |  1  2  3  4  5  6 |
---------------+-------------------+-----
Fighting       | 4 |  4.3
Axes           | 4 5 |  5.1
Stealth        | 1 |  1.0
Armour         | 3 4 |  4.5
Long Blades    | |  0.9
Maces & Flails | |  0.3
Dodging        | |  2.9

Action                   |  1- 3 |  4- 6 |  7- 9 || total
-------------------------+-------+-------+-------++-------
Melee: Hand axe          |    66 |   147 |       ||   213
       Whip              |    14 |       |       ||    14
       Long sword        |       |    17 |    12 ||    29
  Use: Scroll            |     1 |     3 |       ||     4
       Potion            |       |     1 |     1 ||     2
 Stab: Sleeping          |     2 |       |       ||     2
Armor: Animal skin       |     7 |       |       ||     7
       Leather armour    |     6 |     6 |       ||    12
       Scale mail        |       |    42 |       ||    42
       Plate armour      |       |     7 |     8 ||    15
Dodge: Dodged            |    52 |    92 |     3 ||   147
       Rpst.: Long sword |       |       |     1 ||     1
